details: '2v2 in 4v4'

« prev index next »

General information

Mini Map

Players

team 1
HumanwOOty (orange | 63 APM | 1356 actions | 21:23)
Hero icon 6 Archmage
Ability icon 3 Blizzard
Ability icon 2 Brilliance Aura
Ability icon 1 Mass Teleport
Hero icon 1 Mountain King
Ability icon 1 Storm Bolt

» actions
Assign group hotkey16
Build / train75
Enter build submenu32
Enter hero's abilities submenu7
Give item / drop item2
Remove unit from queue2
Right click844
Select / deselect290
Select group hotkey34
Use ability54
1356 total
» units
Peasant16
Footman2
Rifleman14
Sorceress5
Priest6
Dragonhawk Rider8
51 total
» upgrades
Gunpowder2
Long Rifles1
Magic Sentry1
Plating1
5 total
» buildings
Altar of Kings1
Farm13
Barracks2
Scout Tower1
Arcane Tower1
Blacksmith1
Lumber Mill1
Town Hall1
Keep1
Gryphon Aviary2
Arcane Vault1
Arcane Sanctum1
Castle2
28 total
» build order
00:07 Altar of Kings
00:11 Farm
00:33 Barracks
00:58 Scout Tower
01:36 Farm
01:40 Arcane Tower
01:45 Barracks
01:48 Blacksmith
02:15 Farm
02:44 Lumber Mill
02:55 Farm
03:40 Farm
04:03 Farm
04:47 Town Hall
05:26 Farm
06:59 Keep
07:00 Farm
07:41 Farm
09:44 Gryphon Aviary
09:58 Arcane Vault
10:02 Arcane Sanctum
11:40 Farm
12:21 Farm
13:17 Farm
14:39 Gryphon Aviary
16:58 Farm
17:54 Castle
» items
Scroll of Regeneration2
Potion of Healing2
Scroll of Town Portal1
5 total
Undeadtwovstwo (green | 4 APM | 61 actions | 14:51)

» actions
Basic commands1
Right click15
Select / deselect43
Use ability2
61 total
UndeadNowIts2v2 (pink | 11 APM | 294 actions | 27:07)

» actions
Basic commands33
ESC pressed1
Give item / drop item5
Right click46
Select / deselect173
Use ability36
294 total
Random» OrcLW-Kashouty (red | 27 APM | 578 actions | 21:23)
Hero icon 6 Shadow Hunter
Ability icon 3 Healing Wave
Ability icon 2 Serpent Ward
Ability icon 1 Big Bad Voodoo

» actions
Basic commands1
Build / train72
Enter build submenu21
Enter hero's abilities submenu6
Give item / drop item1
Remove unit from queue4
Right click256
Select / deselect168
Use ability49
578 total
» units
Peon22
Grunt6
Troll Headhunter/Berserker2
Wind Rider10
Goblin Shredder1
41 total
» upgrades
Pillage1
Melee Weapons1
Armor4
Ranged Weapons3
Berserker Strength1
Reinforced Defenses1
Envenomed Spears1
Liquid Fire1
13 total
» buildings
Altar of Storms1
Orc Burrow8
Barracks2
War Mill1
Great Hall3
Voodoo Lounge1
Stronghold1
Watch Tower1
Beastiary2
Fortress1
21 total
» build order
00:31 Altar of Storms
00:44 Orc Burrow
00:59 Barracks
01:27 War Mill
02:09 Orc Burrow
02:21 Great Hall
02:47 Great Hall
03:07 Barracks
03:18 Voodoo Lounge
04:15 Stronghold
04:20 Orc Burrow
04:50 Watch Tower
05:31 Orc Burrow
06:06 Orc Burrow
07:07 Great Hall
07:33 Beastiary
09:13 Orc Burrow
09:36 Beastiary
11:34 Orc Burrow
12:27 Fortress
15:46 Orc Burrow
» items
Potion of Mana1
Lesser Clarity Potion1
Orb of Lightning1
Scroll of Speed1
4 total
team 2
Undeadsorryifiamafk (yellow | 80 APM | 1600 actions | 20:06)
Hero icon 5 Death Knight
Ability icon 3 Death Coil
Ability icon 2 Unholy Aura
Hero icon 5 Lich
Ability icon 3 Frost Nova
Ability icon 2 Frost Armor

» actions
Assign group hotkey31
Basic commands19
Build / train69
Enter build submenu15
Enter hero's abilities submenu10
Give item / drop item5
Right click365
Select / deselect189
Select group hotkey808
Use ability89
1600 total
» units
Acolyte7
Ghoul4
Crypt Fiend4
Obsidian Statue4
Goblin Shredder1
Frost Wyrm5
Abomination1
26 total
» upgrades
Creature Carapace3
Creature Attack3
Web1
Burrow1
Destroyer Form1
Freezing Breath1
10 total
» buildings
Altar of Darkness1
Crypt1
Ziggurat7
Tomb of Relics1
Graveyard1
Nerubian Tower2
Halls of the Dead3
Slaughterhouse1
Black Citadel2
Sacrificial Pit1
Necropolis1
Boneyard2
Spirit Tower1
24 total
» build order
00:12 Altar of Darkness
00:17 Crypt
00:38 Ziggurat
00:52 Tomb of Relics
01:16 Graveyard
01:54 Ziggurat
02:28 Nerubian Tower
03:05 Halls of the Dead
03:05 Halls of the Dead
03:50 Ziggurat
05:28 Slaughterhouse
05:32 Black Citadel
05:32 Black Citadel
07:02 Ziggurat
07:07 Sacrificial Pit
08:47 Necropolis
09:21 Boneyard
11:06 Boneyard
11:10 Ziggurat
11:11 Ziggurat
11:14 Ziggurat
12:42 Nerubian Tower
12:44 Spirit Tower
» items
Rod of Necromancy2
Scroll of Town Portal4
Orb of Corruption1
Orb of Lightning1
8 total
Undeadnow.its.2v2 (teal | 9 APM | 232 actions | 27:04)

» actions
Build / train11
Enter build submenu3
Remove unit from queue10
Right click78
Select / deselect115
Use ability15
232 total
» units
0 total
» upgrades
Shaman Training1
1 total
» buildings
Spirit Lodge2
2 total
» build order
19:18 Spirit Lodge
19:19 Spirit Lodge
Undead4v4now2v2 (blue | 11 APM | 292 actions | 27:04)

» actions
Assign group hotkey19
Basic commands1
Build / train15
Enter build submenu9
Right click43
Select / deselect163
Use ability42
292 total
» units
Troll Batrider14
14 total
» upgrades
Reinforced Defenses1
1 total
» buildings
Beastiary3
Orc Burrow2
5 total
» build order
22:59 Beastiary
23:02 Beastiary
23:08 Beastiary
23:14 Orc Burrow
23:17 Orc Burrow
Random» OrcLadysMan (purple | 30 APM | 464 actions | 15:40)
Hero icon 3 Far Seer
Ability icon 2 Feral Spirit
Ability icon 1 Chain Lighting
Hero icon 1 Shadow Hunter
Ability icon 1 Healing Wave

» actions
Build / train44
Enter build submenu14
Enter hero's abilities submenu4
Remove unit from queue2
Right click182
Select / deselect188
Use ability30
464 total
» units
Peon8
Troll Headhunter/Berserker10
Wind Rider4
Troll Batrider1
23 total
» upgrades
Ranged Weapons3
Armor2
Spiked Barricades1
Troll Regeneration1
Envenomed Spears1
8 total
» buildings
Orc Burrow6
Altar of Storms1
Barracks1
War Mill1
Voodoo Lounge1
Stronghold1
Beastiary2
Fortress1
14 total
» build order
00:05 Orc Burrow
00:10 Altar of Storms
00:13 Barracks
01:41 War Mill
01:51 Voodoo Lounge
01:54 Orc Burrow
03:17 Orc Burrow
03:47 Stronghold
07:11 Beastiary
07:20 Beastiary
07:37 Fortress
09:49 Orc Burrow
10:30 Orc Burrow
13:09 Orc Burrow
» items
Healing Salve1
Potion of Mana1
Potion of Healing1
3 total

Chat log

(00:03 / All) sorryifiamafk: lmfao
(00:05 / All) twovstwo: s
(00:06 / All) NowIts2v2: its 2v2 now
(00:10 / All) NowIts2v2: fight hard we will spectate
(00:14 / All) NowIts2v2: we are all doing the same thing
(00:15 / All) NowIts2v2: so its 2v2
(00:29 / All) twovstwo: s
(00:30 / All) twovstwo: u
(00:31 / All) twovstwo: c
(00:32 / All) twovstwo: k
(00:33 / All) twovstwo: i
(00:34 / All) twovstwo: t
(00:39 / All) NowIts2v2: lol is that sean
(00:49 / All) wOOty: i rmemeber when i made smurfs with my but buddies
(00:52 / All) twovstwo: sean connery
(00:54 / All) NowIts2v2: weve got a human and an orc over here
(00:56 / All) NowIts2v2: what have you got
(01:04 / All) now.its.2v2: orc and ud
(01:10 / All) NowIts2v2: excellent
(01:14 / Allies) NowIts2v2: dotn tk
(01:15 / Allies) NowIts2v2: no
(01:17 / Allies) NowIts2v2: stop tking
(01:18 / Allies) NowIts2v2: its 2v2
(01:26 / All) NowIts2v2: lets give our allies
(01:27 / All) NowIts2v2: our resources
(01:29 / All) NowIts2v2: from unsummoniing
(01:33 / All) NowIts2v2: if we all do it its still fair
(02:20 / Allies) wOOty: rifle/caster.
(02:25 / Allies) LW-Kashouty: okay
(02:30 / Allies) LW-Kashouty: I guess I'll go melee
(02:31 / All) NowIts2v2: dont forget to expo you guys
(02:32 / Allies) LW-Kashouty: will that cover it?
(02:35 / All) NowIts2v2: free expo already cleared
(02:36 / Allies) wOOty: yeah
(02:57 / Allies) twovstwo: make an expo in the behind bases
(03:23 / All) 4v4now2v2: red is already expoing
(03:23 / All) now.its.2v2: so whats the plan?
(03:27 / All) NowIts2v2: hmm
(03:29 / All) NowIts2v2: do we want to watch
(03:30 / All) 4v4now2v2: a real go getter
(03:31 / All) NowIts2v2: these 2 durds
(03:37 / All) NowIts2v2: or should we bail
(03:37 / All) now.its.2v2: this guy is already techig
(03:47 / All) NowIts2v2: our orc already has pillage
(03:51 / All) NowIts2v2: and 1 grunt
(03:59 / All) twovstwo: hes a pro
(04:13 / Allies) wOOty: 100 lum?
(04:32 / All) now.its.2v2: pull your dk back
(04:33 / All) twovstwo: its all up to which player can get down to the nitty gritty
(04:34 / All) now.its.2v2: ya good
(04:52 / All) now.its.2v2: watch out he has a cold tower
(04:52 / All) NowIts2v2: i hope to see a few bone monsters
(04:55 / All) NowIts2v2: soaring through the clouds htis game
(04:59 / All) twovstwo: who has the wits to withstand
(05:01 / Allies) LW-Kashouty: wait for me purp?
(05:05 / All) NowIts2v2: raining ice puke on cow men
(05:12 / Allies) twovstwo: the strength to survive
(05:16 / All) NowIts2v2: whats the expo score
(05:17 / All) NowIts2v2: so far
(05:21 / All) NowIts2v2: our team has 2 expos
(05:23 / All) NowIts2v2: for a total of 4 mines
(05:26 / All) twovstwo: the ferocity to finish the fight
(05:28 / All) now.its.2v2: zero
(05:36 / All) 4v4now2v2: it looks like purple ad red are both trying to make barracks units
(05:40 / All) NowIts2v2: our expos are safely nestled int he back
(05:41 / All) 4v4now2v2: only purple has no grunts
(05:48 / All) 4v4now2v2: and no expo
(05:49 / All) NowIts2v2: wooty has gone solo
(05:51 / All) NowIts2v2: a maverick
(05:53 / All) NowIts2v2: jhes attacking alone
(05:56 / All) NowIts2v2: using deadly focus fire
(06:04 / All) wOOty: commentator?
(06:04 / All) NowIts2v2: those riflemen hit their mark every time
(06:14 / All) now.its.2v2: that hh is a bit low
(06:19 / All) now.its.2v2: and hes down
(06:19 / All) twovstwo: orange is moving in for the attack
(06:24 / All) 4v4now2v2: sitting right in the blizzard
(06:27 / All) now.its.2v2: massive blizz damage
(06:30 / All) 4v4now2v2: terrible damage there
(06:31 / All) twovstwo: he is destroying the purple
(06:36 / All) NowIts2v2: keep the hero alive
(06:38 / All) now.its.2v2: goin in for that hero
(06:39 / All) NowIts2v2: rule # 1 of rt
(06:43 / All) twovstwo: its a close battel
(06:52 / All) 4v4now2v2: meanwhile yellow is ignoring his ally completely
(06:53 / All) twovstwo: but it comes down to sho has a the stamina
(06:55 / All) now.its.2v2: excellent use of the burro
(06:59 / All) twovstwo: it takes raw courage
(07:06 / All) 4v4now2v2: looks like purple and orange lost most of their units
(07:12 / All) 4v4now2v2: a bloody fight
(07:13 / All) twovstwo: a true battle
(07:18 / All) twovstwo: a war for the ages
(07:25 / All) NowIts2v2: yellows username is apologizing for his afk status
(07:29 / All) NowIts2v2: surely he didnt make it for no reason
(07:32 / All) NowIts2v2: he may leave at any moment
(07:35 / All) NowIts2v2: and my allies will have to strike
(07:44 / All) 4v4now2v2: he didnt help his ally anyway
(07:50 / All) 4v4now2v2: he must think its 1v1
(07:59 / All) NowIts2v2: my team is up to 5 mines
(08:02 / All) twovstwo: red is showing promise with 2 expos
(08:04 / All) NowIts2v2: as of the latest orc expo
(08:09 / All) NowIts2v2: 5v2 that warnt no fair fight
(08:14 / All) twovstwo: but has a chosen weak units
(08:16 / All) now.its.2v2: still zero expos here
(08:24 / All) NowIts2v2: expo = 2nd gold mine
(08:26 / All) NowIts2v2: for those who are wondering
(08:29 / All) NowIts2v2: what these pro words mean
(08:36 / All) 4v4now2v2: orange has a peon at the top mine on the left side
(08:41 / All) 4v4now2v2: he could expo it if he wanted to
(08:42 / All) wOOty: thats..
(08:47 / All) wOOty: thanks*..
(08:49 / All) NowIts2v2: i think my team might be getting carried away with the expos
(08:51 / All) NowIts2v2: 6 is way too many
(08:56 / All) NowIts2v2: the currency will inflate
(09:00 / All) NowIts2v2: like germany before ww2
(09:06 / All) now.its.2v2: like an octopus with one ice cream cone
(09:11 / All) NowIts2v2: too many fingers
(09:14 / All) NowIts2v2: and only one cone
(09:29 / All) NowIts2v2: the store by my house sells canned octopus
(09:34 / All) NowIts2v2: it costs 2 bucks a can
(09:41 / All) NowIts2v2: ive eaten liek 8 or 9 o f them now
(09:42 / All) now.its.2v2: by the way i saw that mouse again
(09:44 / All) twovstwo: like saving ketchup for a hotdog
(09:51 / All) now.its.2v2: its eating out of that pan full of grease
(09:59 / All) NowIts2v2: look up how to make a mouse trap
(10:01 / All) NowIts2v2: a humane one
(10:11 / All) NowIts2v2: whats this top left
(10:12 / All) NowIts2v2: a standoff
(10:16 / All) NowIts2v2: between a humble civilian
(10:18 / All) wOOty: lmfa
(10:19 / All) NowIts2v2: and a mighty troll warrior
(10:21 / All) now.its.2v2: theres a crater from where the mouse eats grease, it always goes for the same spot
(10:29 / All) NowIts2v2: wipe some hot suace there
(10:31 / All) NowIts2v2: thatll teach it
(10:39 / Allies) wOOty: wanna hit?
(10:44 / All) 4v4now2v2: put it in your roommate's rom
(10:44 / All) NowIts2v2: i wonder if you took a shit on a piece of ham
(10:47 / Allies) wOOty: nvm you dont have shit
(10:47 / All) NowIts2v2: how much of it a dog woudl eat
(10:55 / All) NowIts2v2: just the ham?
(10:56 / All) NowIts2v2: or all of it
(10:59 / All) now.its.2v2: dopgs eat poop too
(11:07 / All) 4v4now2v2: purple has 4 wyverns now
(11:13 / All) now.its.2v2: it would eat the poop and leave the ham
(11:14 / All) NowIts2v2: hey now dont ruin the surprise
(11:21 / All) NowIts2v2: my ally has enough gunnermen to take those out anyway though
(11:22 / All) now.its.2v2: slow ass game
(11:29 / All) 4v4now2v2: purple has 1300 gold he isnt using
(11:30 / Allies) twovstwo: red u should make taurens
(11:36 / All) 4v4now2v2: no wonder he doesnt bother expoing
(11:44 / All) NowIts2v2: no expo and 1300 gold
(11:45 / All) now.its.2v2: hes got no wood anyway
(11:47 / Allies) LW-Kashouty: for you orange
(11:50 / All) NowIts2v2: he must be an economic wiz
(11:51 / Allies) wOOty: i dont need
(11:52 / All) 4v4now2v2: his "afk" ally is banking gold at 50 food
(11:57 / All) 4v4now2v2: and powering up to wyrms
(12:00 / All) NowIts2v2: i see a shredder
(12:03 / All) NowIts2v2: at work
(12:05 / All) NowIts2v2: not bad
(12:10 / All) 4v4now2v2: purplecould use one
(12:18 / All) NowIts2v2: if this guy logged 1000 games at a 50% ratio
(12:19 / Allies) LW-Kashouty: orange
(12:21 / Allies) LW-Kashouty: wait up
(12:22 / All) NowIts2v2: when he was afk for half of them
(12:24 / All) NowIts2v2: he might be a true pro
(12:28 / Allies) wOOty: hurry nigger
(12:30 / All) 4v4now2v2: red is building up his food past 50
(12:33 / All) 4v4now2v2: past 80 now
(12:36 / All) NowIts2v2: wooty just dropped the n-bomb
(12:37 / All) now.its.2v2: those heroes are seeing substatntial xp gains
(12:46 / All) now.its.2v2: uh oh
(12:47 / All) now.its.2v2: a fight
(12:49 / All) NowIts2v2: no reaction from his orc ally
(12:56 / All) NowIts2v2: that undead doesnt stand a chance
(12:58 / All) NowIts2v2: you cant 1v2
(13:00 / All) NowIts2v2: without bone lords
(13:02 / All) 4v4now2v2: looks like yellow is getting the same treatment he gave his ally earlier
(13:02 / All) now.its.2v2: looks like hes in a tight spot
(13:05 / All) 4v4now2v2: a 1v2
(13:10 / All) NowIts2v2: a little taste of his own medicine
(13:21 / All) twovstwo: a decisive victory indeed
(13:22 / All) 4v4now2v2: looks like rifles and wyverns vs wyverns and wyrms
(13:26 / All) NowIts2v2: ladysman may be on the horn with one of his many girlfriends
(13:31 / All) NowIts2v2: not much action on his end
(13:32 / All) 4v4now2v2: the first orc to make bats is going to make history
(13:49 / All) NowIts2v2: wooty has sent one of his humble workers
(13:52 / All) NowIts2v2: to build a farm for himself
(13:53 / All) NowIts2v2: in the hinterlands
(14:00 / All) wOOty: this isnt wow..
(14:02 / All) now.its.2v2: lol
(14:12 / All) NowIts2v2: jeremiah johnson the peon
(14:23 / All) NowIts2v2: BURROW RAPE
(14:24 / All) NowIts2v2: BURROW RAPE
(14:39 / All) NowIts2v2: LOOKS like the undead had some pathing issues
(14:41 / All) NowIts2v2: he lost vital time
(14:42 / Allies) wOOty: tp?
(14:43 / All) NowIts2v2: getting into position
(14:44 / All) 4v4now2v2: looks like red is going to pay for putting his burrows out front
(14:46 / All) NowIts2v2: nwo hes getting reamed
(14:48 / All) NowIts2v2: by wyverns
(14:57 / All) NowIts2v2: someone just kicked the cord
(14:57 / All) now.its.2v2: the borrows were a ruse!
(15:20 / All) NowIts2v2: i think he went to copilot
(15:21 / All) 4v4now2v2: purples wyverns biting the dust hard
(15:22 / All) NowIts2v2: am i right?
(15:26 / All) 4v4now2v2: on casters and rifles
(15:32 / All) NowIts2v2: this game seems over
(15:34 / All) 4v4now2v2: no hes doing legitimate things now
(15:34 / All) NowIts2v2: 6 mines vs 2
(15:35 / All) now.its.2v2: still anyones game now
(15:38 / All) NowIts2v2: was never even
(15:45 / All) 4v4now2v2: yellow with the world's latest wyrms
(15:46 / All) NowIts2v2: ladysman bows out
(15:49 / Allies) wOOty: out fuck
(15:54 / All) 4v4now2v2: too few too late
(15:54 / All) NowIts2v2: wyrm boy could still win it with blood lust
(16:00 / All) NowIts2v2: unfortunately ladysman didnt even start
(16:03 / All) NowIts2v2: to build caster shacks
(16:17 / All) 4v4now2v2: even if he did orange is all geared up to counter lust if he needs to
(16:20 / All) NowIts2v2: were at 163 food
(16:21 / All) NowIts2v2: over here
(16:29 / All) 4v4now2v2: purple didnt use his bats at all either
(16:30 / All) NowIts2v2: whats 74 plus 15?
(16:35 / All) 4v4now2v2: 99
(16:36 / All) NowIts2v2: i dont think the numbers are in the left teams favor
(16:55 / All) NowIts2v2: what the undead needs now is a good burrow rape
(16:56 / All) 4v4now2v2: yellow isn't managing purple's base so far
(17:01 / All) now.its.2v2: creeping
(17:02 / All) NowIts2v2: followed by a 1v1 or 2v1 if he can pull it off
(17:06 / All) now.its.2v2: gonna get lvl 10?
(17:14 / All) NowIts2v2: hje kept the dk back
(17:18 / All) NowIts2v2: hes levelling the king of all lcihes
(17:21 / All) 4v4now2v2: he can't manage a burrow rape with 70 food of wyverns guarding them
(17:21 / All) NowIts2v2: uh oh
(17:25 / All) NowIts2v2: here comes a massive gank
(17:30 / All) NowIts2v2: rifle caster attack move
(17:41 / All) wOOty: hero targeting bitch boy
(17:45 / All) NowIts2v2: no queen sacrifice from wooty
(17:45 / All) now.its.2v2: yellow is taking losses on all fronts
(17:51 / All) NowIts2v2: he would have torn those bone men to shreds
(17:57 / All) NowIts2v2: if he had let master roshi take one ofr the team
(18:09 / All) now.its.2v2: lol whats roshi
(18:13 / All) NowIts2v2: the old man from dragon ball
(18:18 / All) NowIts2v2: lol
(18:29 / All) NowIts2v2: undeads heading for a 1v2
(18:30 / All) 4v4now2v2: red has more wyverns than he can manage
(18:32 / All) now.its.2v2: back for more
(18:36 / All) NowIts2v2: this ones in the can
(18:36 / All) 4v4now2v2: he practically has a whole number sitting by his expo
(18:39 / All) NowIts2v2: he cant manage 2 bases
(18:43 / All) NowIts2v2: and he put his lichorb on the dead man
(18:45 / All) NowIts2v2: instead of the lich
(18:53 / Allies) wOOty: lest hit
(18:54 / All) NowIts2v2: mayeb you should build caster shacks for him
(18:56 / All) 4v4now2v2: so far the fights have been dominated by a series of 1v1s
(18:58 / All) NowIts2v2: although its really almost too late
(19:02 / All) NowIts2v2: pump bats
(19:05 / All) NowIts2v2: and make the undead blow them up
(19:06 / All) 4v4now2v2: hes not even using purple's base
(19:14 / All) 4v4now2v2: red is using follow mode with his air
(19:18 / All) NowIts2v2: maybe some rters dont know
(19:19 / Allies) wOOty: COMLE!
(19:21 / All) NowIts2v2: that you can manage a leaver
(19:30 / Allies) LW-Kashouty: kk
(19:32 / Allies) LW-Kashouty: lets attack
(19:32 / Allies) LW-Kashouty: yes?
(19:33 / All) now.its.2v2: ok yellow i made you a couple buildings
(19:35 / All) 4v4now2v2: he started making some bloodlust shacks
(19:41 / All) now.its.2v2: better use em
(19:42 / All) NowIts2v2: im starting to think
(19:46 / All) NowIts2v2: this guy has never afked a game
(19:47 / All) 4v4now2v2: but hes not building burrows or upping hte building armor
(19:50 / All) NowIts2v2: every last one of those 500 losses
(19:51 / All) NowIts2v2: were all him
(19:54 / All) 4v4now2v2: or even bringing back the dead purple hero
(19:54 / All) NowIts2v2: with his follow moding ass
(19:58 / All) NowIts2v2: RAPE
(20:01 / All) NowIts2v2: PIERCING RAPE
(20:04 / All) NowIts2v2: PIERCING DMAAGE RAPE
(20:08 / All) 4v4now2v2: not even close
(20:09 / All) NowIts2v2: LOL
(20:09 / All) 4v4now2v2: well thats it
(20:10 / All) NowIts2v2: AND ITS ALL OVER
(20:20 / All) now.its.2v2: i guess his cookie cut didnt cut it
(20:47 / All) NowIts2v2: and now
(20:49 / All) NowIts2v2: im sorry to report
(20:49 / Allies) LW-Kashouty: I have immunity ready
(20:54 / All) NowIts2v2: that your prize for winning this 2v2
(20:55 / Allies) LW-Kashouty: just defend my hero
(20:57 / All) NowIts2v2: is to be booted from the game
(21:01 / All) wOOty: lol
(21:20 / All) NowIts2v2: GOOD BYE
(21:55 / All) NowIts2v2: too bad there are no good creeps on this map
(21:58 / All) NowIts2v2: cant even do anything goofy
(22:05 / All) NowIts2v2: lol wooty whispered me
(22:09 / All) NowIts2v2: "fucker"

(24:43 / All) NowIts2v2: 4 * 7
(24:47 / All) NowIts2v2: vs 12 * 4
(24:56 / All) NowIts2v2: not even close
(25:51 / All) NowIts2v2: game over dude
(25:55 / All) NowIts2v2: east side triumphs
(26:13 / All) 4v4now2v2: i showed sean how to make hacks
(26:20 / All) NowIts2v2: what do u mean make
(26:26 / All) 4v4now2v2: make them work
(26:28 / All) NowIts2v2: o
(26:31 / All) 4v4now2v2: he was trying to use 1.24e
(26:31 / All) NowIts2v2: KLOl he wasnt hacking?
(26:38 / All) 4v4now2v2: he has the 1.26 hacks though
(26:40 / All) 4v4now2v2: no he wasnt
(26:40 / All) NowIts2v2: o
(26:45 / All) NowIts2v2: what camera setting
(26:47 / All) NowIts2v2: do u guys use
(26:49 / All) NowIts2v2: i use 3000
(26:54 / All) 4v4now2v2: i hit it 5 times
(26:57 / All) 4v4now2v2: idk what that is
(26:57 / All) now.its.2v2: camera hack doesnt work for me